Map: Cyber Forest LE

Players

zuka - Winner!

  • Race: Protoss Protoss
  • League: Master
  • Spawn Location: 11:00

IIIIIIIIIIII

  • Race: Zerg Zerg
  • League: Master
  • Spawn Location: 5:00

VOD

Have the link to the VOD?

Description

Time

  • Played on: March 12, 2019, 5:01 p.m.
  • Length: 22:26
Show
View Real Time Build Order
Export as new Build Order

zuka Protoss - Winner!

Build Orders: Cannon Rush, Oracle Opening, Carriers 

Get SALT Encoding   

  12  0:01  Probe  
  13  0:13  Probe  
  14  0:19  Pylon  
  14  0:22  Probe  
  15  0:33  Probe  
  15  0:41  Gateway  
  16  0:44  Probe  
  16  0:48  Assimilator  
  17  0:56  Probe  
  18  1:04  Probe  
  19  1:13  Probe, Forge  
  20  1:26  Pylon  
  20  1:33  Pylon  
  20  1:47  Photon Cannon  
  20  1:57  Photon Cannon  
  20  1:59  Photon Cannon  
  20  2:02  Probe  
  21  2:10  Probe  
  22  2:19  Probe  
  23  2:31  Probe  
  23  2:34  Nexus  
  24  2:38  Cybernetics Core  
  24  2:39  Assimilator  
  24  2:44  Photon Cannon  
  24  2:54  Probe  
  25  3:06  Pylon  
  25  3:08  Probe  
  26  3:17  Stargate  
  26  3:18  Stalker  
  28  3:20  Probe  
  29  3:33  Probe  
  29  3:42  Assimilator  
  29  3:45  Probe  
  29  3:46  Probe  
  29  3:47  Pylon  
  31  3:51  Warp Gate, Oracle  
  31  3:54  Probe  
  31  3:57  Probe  
  36  4:02  Probe  
  36  4:09  Probe  
  38  4:14  Probe  
  38  4:16  Assimilator  
  39  4:21  Probe  
  40  4:26  Probe, Adept  
  40  4:27  Pylon  
  43  4:33  Probe  
  44  4:39  Void Ray  
  44  4:43  Probe  
  44  4:45  Probe  
  50  4:54  Pylon  
  50  4:55  Probe  
  50  4:57  Probe  
  52  5:13  Probe x2  
  54  5:17  Gateway  
  52  5:25  Probe  
  52  5:26  Probe  
  54  5:29  Fleet Beacon  
  54  5:36  Pylon  
  54  5:46  Probe x2  
  56  5:50  Zealot  
  58  5:58  Probe x2  
  60  6:05  Nexus, Pylon  
  60  6:10  Probe, Mothership  
  61  6:13  Adept  
  61  6:14  Adept  
  64  6:19  Carrier, Protoss Air Weapons Level 1  
  64  6:23  Pylon  
  72  6:31  Probe  
  79  6:38  Adept  
  79  6:39  Adept  
  79  6:45  Probe  
  80  6:53  Stargate  
  80  6:55  Stargate, Pylon  
  80  6:57  Probe  
  81  7:09  Probe  
  82  7:16  Pylon  
  82  7:20  Probe  
  82  7:21  Probe  
  84  7:22  Void Ray  
  84  7:26  Assimilator  
  88  7:30  Assimilator, Void Ray  
  88  7:33  Probe x2  
  88  7:35  Zealot  
  88  7:36  Void Ray  
  96  7:46  Probe x2  
  102  7:58  Probe  
  103  8:06  Carrier  
  109  8:13  Void Ray  
  113  8:21  Pylon  
  113  8:23  Pylon  
  113  8:29  Protoss Air Weapons Level 2  
  113  8:39  Carrier  
  119  8:54  Stargate  
  119  8:56  Cybernetics Core, Probe x2  
  119  9:01  Carrier, Forge  
  127  9:03  Probe  
  127  9:06  Twilight Council  
  127  9:08  Pylon  
  128  9:10  Pylon  
  128  9:15  Pylon  
  128  9:26  Protoss Air Armor Level 1, Carrier  
  128  9:31  Adept x2  
  128  9:50  Void Ray  
  129  9:57  Probe  
  129  9:58  Probe x2  
  132  10:02  Robotics Facility  
  132  10:04  Void Ray  
  132  10:06  Templar Archives  
  136  10:08  Gateway  
  136  10:10  Probe  
  136  10:12  Photon Cannon  
  137  10:15  Photon Cannon  
  137  10:19  Photon Cannon  
  137  10:38  Psionic Storm, Nexus  
  137  10:39  Carrier  
  143  10:51  Observer  
  143  10:55  Pylon  
  144  10:57  Protoss Air Weapons Level 3  
  144  10:58  High Templar x2  
  142  11:04  Probe  
  142  11:05  Probe x2  
  142  11:06  Assimilator, Protoss Air Armor Level 2  
  142  11:08  Assimilator  
  145  11:15  Pylon  
  145  11:17  Probe x3, Pylon  
  148  11:18  Pylon  
  148  11:29  Probe  
  148  11:31  Probe  
  150  11:34  Probe  
  151  11:40  High Templar x2  
  151  11:41  Probe  
  151  11:46  Probe x2  
  158  11:48  Void Ray  
  158  11:53  Probe  
  161  12:02  Probe  
  161  12:05  Pylon  
  161  12:08  Void Ray  
  162  12:09  Void Ray  
  162  12:10  Pylon  
  162  12:12  Probe  
  162  12:13  Pylon  
  171  12:23  Probe  
  171  12:26  Probe  
  174  12:30  Photon Cannon x2  
  174  12:33  Photon Cannon  
  174  12:36  Photon Cannon  
  174  12:37  High Templar x2, Observer  
  175  12:41  Void Ray  
  182  12:46  Protoss Shields Level 1  
  182  12:57  Void Ray  
  186  13:15  Void Ray  
  190  13:46  Void Ray x2  
  186  13:58  Void Ray  
  184  14:05  High Templar x2  
  172  14:20  High Templar  
  174  14:29  Void Ray x2  
  182  14:31  Gateway  
  182  14:32  Gateway  
  182  14:34  Gateway  
  182  14:40  High Templar  
  182  14:41  High Templar  
  180  15:12  High Templar  
  180  15:13  High Templar x2  
  186  15:16  Nexus  
  186  15:27  High Templar x2  
  190  15:35  Void Ray x2  
  198  15:55  High Templar  
  200  16:01  Protoss Air Armor Level 3  
  200  16:04  Protoss Shields Level 2  
  200  16:07  Charge  
  200  16:10  Pylon  
  200  16:12  Pylon  
  200  16:14  Twilight Council  
  200  16:24  Pylon  
  200  16:25  Pylon  
  200  16:27  Pylon  
  200  16:29  Pylon  
  200  16:33  Assimilator  
  200  16:38  Assimilator  
  200  16:54  Archon  
  200  16:55  Archon  
  196  17:21  Void Ray  
  194  18:15  High Templar x2  
  194  18:16  High Templar  
  178  18:33  Void Ray x3  
  178  18:51  Protoss Shields Level 3  
  178  19:06  Photon Cannon  
  178  19:08  Photon Cannon  
  178  19:10  Photon Cannon  
  178  19:13  Photon Cannon  
  178  19:14  Stargate  
  178  19:15  Photon Cannon, Void Ray  
  178  19:16  Void Ray x2  
  190  19:18  Photon Cannon, Stargate  
  190  19:19  Photon Cannon  
  190  19:21  Photon Cannon  
  190  19:24  Photon Cannon  
  190  19:26  Photon Cannon  
  190  19:27  Zealot x5  
  190  19:28  Photon Cannon  
  200  20:09  Observer  
  198  20:21  Pylon  
  199  20:28  Observer  
  199  20:32  Void Ray x2  
  198  20:39  Void Ray  
  198  20:42  Zealot x2  
  182  20:43  Zealot x4  
  192  20:55  Void Ray x2  
  192  21:33  Void Ray x2  
  196  21:43  High Templar x2  
  152  22:05  High Templar x2  
  152  22:06  High Templar x2  
  164  22:22  Pylon  
  164  22:25  Pylon  
Show
View Real Time Build Order
Export as new Build Order

IIIIIIIIIIII Zerg 

Build Orders: Hatch First 

Get SALT Encoding   

  12  0:01  Drone  
  13  0:12  Overlord  
  13  0:17  Drone  
  14  0:30  Drone x2  
  16  0:52  Hatchery  
  16  0:55  Drone  
  16  0:58  Drone  
  16  1:01  Drone  
  18  1:12  Extractor  
  18  1:17  Spawning Pool  
  16  1:20  Drone  
  16  1:23  Drone  
  18  1:30  Drone  
  19  1:40  Drone  
  20  1:51  Overlord  
  20  2:09  Queen  
  20  2:10  Hatchery  
  20  2:12  Zergling x2  
  22  2:17  Metabolic Boost  
  22  2:19  Zergling x2  
  23  2:25  Zergling x4  
  23  2:28  Zergling x2  
  26  2:46  Zergling x6  
  26  3:17  Hatchery  
  25  3:20  Drone x4  
  29  3:30  Drone x2  
  29  3:31  Queen  
  29  3:33  Overlord  
  33  3:41  Drone x2  
  35  3:55  Drone x3  
  38  3:56  Drone  
  38  3:58  Drone  
  40  4:05  Overlord  
  40  4:09  Drone  
  41  4:12  Spore Crawler  
  41  4:14  Spore Crawler  
  41  4:15  Queen  
  41  4:17  Evolution Chamber  
  41  4:23  Queen  
  42  4:27  Drone x3  
  45  4:34  Zergling x4  
  45  4:35  Zergling x4  
  45  4:38  Zergling x2  
  50  4:42  Zerg Melee Weapons Level 1  
  50  4:51  Overlord x2  
  50  5:14  Drone x13  
  61  5:20  Queen  
  61  5:33  Drone x4  
  65  5:37  Spore Crawler  
  61  5:50  Baneling Nest  
  61  5:51  Overlord x3, Extractor  
  61  5:53  Queen  
  61  5:58  Zergling x8  
  65  6:07  Drone  
  66  6:16  Drone x9  
  66  6:18  Lair  
  74  6:28  Zergling x2  
  74  6:29  Zergling x8  
  79  6:36  Hatchery  
  73  6:48  Drone x9  
  73  6:49  Extractor  
  73  6:50  Extractor  
  80  6:57  Overlord x3  
  80  7:09  Zergling x2  
  80  7:10  Zergling x4  
  80  7:15  Baneling x3  
  83  7:16  Baneling x5  
  82  7:26  Hydralisk Den  
  82  7:27  Drone x2  
  82  7:28  Zergling x12, Extractor  
  82  7:29  Zergling x6  
  91  7:36  Centrifical Hooks  
  91  7:39  Zerg Missile Weapons Level 1  
  91  7:41  Overlord x3  
  91  8:03  Hydralisk x5, Muscular Augments  
  101  8:10  Hydralisk x2  
  104  8:23  Infestation Pit, Extractor  
  104  8:25  Drone x17  
  104  8:26  Evolution Chamber  
  118  8:34  Hydralisk x4  
  124  8:49  Hydralisk  
  124  8:50  Hydralisk x2  
  130  8:59  Extractor  
  130  9:00  Spore Crawler, Extractor  
  130  9:01  Drone x6  
  130  9:02  Drone, Spore Crawler  
  133  9:03  Spore Crawler  
  133  9:04  Spore Crawler  
  133  9:06  Zerg Ground Armor Level 1  
  131  9:11  Neural Parasite  
  131  9:13  Hatchery  
  131  9:15  Grooved Spines  
  130  9:21  Drone x2  
  130  9:22  Drone x5  
  130  9:23  Drone x8, Spore Crawler x3  
  142  9:31  Spore Crawler  
  140  9:32  Spore Crawler  
  140  9:34  Spore Crawler  
  138  9:41  Hydralisk x2  
  140  9:56  Drone x3  
  140  9:57  Overlord x9  
  143  10:04  Extractor  
  142  10:10  Overseer x3, Extractor  
  142  10:11  Pneumatized Carapace  
  142  10:12  Infestor  
  143  10:22  Infestor x5  
  143  10:27  Hatchery, Burrow  
  143  10:41  Drone x2  
  143  10:42  Drone, Queen  
  148  10:52  Infestor x2, Pathogen Glands  
  149  11:05  Hydralisk  
  149  11:06  Hydralisk x9  
  169  11:14  Hive  
  169  11:22  Drone  
  169  11:23  Drone x7, Spore Crawler x2  
  175  11:25  Spore Crawler  
  175  11:31  Drone  
  175  11:34  Spore Crawler, Extractor  
  175  11:35  Spore Crawler x2  
  175  11:36  Spore Crawler x2  
  175  11:37  Spore Crawler x2, Extractor  
  175  11:39  Spore Crawler  
  165  11:46  Zerg Ground Armor Level 2, Zerg Missile Weapons Level 2  
  165  11:52  Drone  
  165  11:53  Drone x3  
  165  11:54  Drone x2  
  171  11:56  Drone x5  
  171  11:57  Drone x2  
  177  12:06  Spore Crawler x3  
  177  12:07  Spore Crawler  
  171  12:13  Spore Crawler, Infestor  
  171  12:14  Spore Crawler, Infestor  
  171  12:15  Spore Crawler  
  172  12:16  Spore Crawler  
  172  12:22  Infestor x2  
  171  12:23  Infestor  
  171  12:25  Overseer x2  
  171  12:26  Overseer  
  177  12:34  Zergling x2  
  177  12:35  Zergling x8  
  182  12:47  Spore Crawler x2  
  182  12:49  Spore Crawler  
  182  12:50  Spore Crawler  
  178  13:00  Baneling x2  
  178  13:01  Baneling x2  
  177  13:10  Baneling x3  
  121  13:59  Hydralisk x22  
  121  14:00  Hydralisk x8  
  175  14:12  Infestor x5  
  175  14:13  Ultralisk Cavern  
  184  14:24  Infestor x5  
  184  14:52  Hatchery  
  177  15:04  Overlord x4  
  177  15:11  Baneling  
  177  15:17  Overlord x2  
  177  15:18  Overlord  
  177  15:25  Ultralisk x3  
  195  15:37  Drone x3  
  195  15:38  Drone x2  
  195  15:40  Hatchery  
  199  16:12  Overseer x2  
  199  16:15  Overseer x3  
  199  16:28  Spire x2  
  199  16:32  Hatchery  
  196  16:34  Chitinous Plating  
  196  16:42  Hatchery  
  195  16:50  Zerg Ground Armor Level 3, Zerg Missile Weapons Level 3  
  195  16:56  Infestor x2  
  153  17:24  Ultralisk x2  
  153  17:25  Ultralisk  
  153  17:29  Zergling x4  
  174  17:30  Zergling x14  
  174  17:32  Infestor x2  
  184  17:37  Infestor x14  
  183  17:49  Ultralisk x3  
  183  17:50  Overlord x4  
  192  17:52  Anabolic Synthesis  
  192  17:54  Baneling x9  
  192  17:55  Baneling  
  135  18:30  Hydralisk  
  135  18:31  Hydralisk x9  
  116  18:42  Zergling x8  
  116  18:47  Infestor x2  
  116  18:48  Infestor  
  125  18:52  Infestor  
  126  18:59  Drone x3  
  129  19:15  Infestor x4  
  129  19:19  Infestor x6  
  133  19:30  Infestor x6  
  93  20:00  Infestor x9  
  108  20:38  Infestor x3  
  101  21:10  Hydralisk x2  
  101  21:11  Hydralisk x4  
  105  21:17  Hatchery  
Tags
 
Add a new tag
Caveats
  • Supply blocks, unpowered buildings, or Contaminate may cause inaccurate times.
  • Supply counts are checked every 10 seconds.